 Dungeon Crawl Stone Soup version 0.26-a0-42-g4f27934 (webtiles) character file.

Game seed: 10486265839264793670

13650 Faca the Fighter (level 12, -6/114 (115) HPs)
             Began as a Ghoul Fighter on June 1, 2020.
             Was a High Priest of Okawaru.
             Mangled by Snorg (11 damage)
             ... on level 11 of the Dungeon.
             The game lasted 00:26:59 (14125 turns).

Faca the Fighter (Ghoul Fighter)                   Turns: 14125, Time: 00:27:00

HP:   -6/114 (115)  AC: 14    Str: 25    XL:     12   Next: 8%
MP:   0/11          EV:  5    Int:  3    God:    Okawaru [*****.]
Gold: 1848          SH: 11    Dex:  8    Spells: 11/11 levels left

rFire    . . .     SeeInvis +     - Unarmed
rCold    + . .     Gourm    .   b - +1 kite shield
rNeg     + + +     Faith    .   D - +0 plate armour
rPois    ∞         Spirit   +   (no helmet)
rElec    .         Reflect  .   a - +0 cloak
rCorr    +         Harm     .   (no gloves)
MR       .....                  (no boots)
Stlth    ..........             o - amulet of guardian spirit
HPRegen  0.00/turn              g - ring of resist corrosion
MPRegen  0.12/turn              r - ring of see invisible

@: brilliant, rotting
A: rotting body, claws 1, carnivore, cold resistance 1, negative energy
resistance 3, inhibited regeneration, torment resistance, unbreathing
a: Heroism, Finesse, Renounce Religion


You were on level 11 of the Dungeon.
You worshipped Okawaru.
Okawaru was extremely pleased with you.
You were not hungry.

You visited 1 branch of the dungeon, and saw 12 of its levels.
You also visited: Sewer.

You collected 1848 gold pieces.

Inventory:

Missiles
 k - 6 boomerangs (quivered)
 u - 8 javelins
Armour
 a - a +0 cloak (worn)
 b - a +1 kite shield (worn)
 D - a +0 plate armour (worn)
Jewellery
 g - a ring of resist corrosion (left claw)
 o - an amulet of guardian spirit (around neck)
 r - a ring of see invisible (right claw)
Wands
 m - a wand of flame (44)
 q - a wand of disintegration (43)
 x - a wand of paralysis (5)
 y - a wand of polymorph (17)
 A - a wand of clouds (12)
 B - a wand of iceblast (6)
Scrolls
 l - 2 scrolls of fog
 p - a scroll of remove curse
 t - a scroll of blinking
 w - 2 scrolls of teleportation
 C - 2 scrolls of identify
 E - a scroll of enchant weapon
Potions
 c - a potion of might
 e - a potion of heal wounds
 f - a potion of haste
 h - 3 potions of cancellation
 i - 2 potions of ambrosia
 n - 4 potions of resistance
 s - 4 potions of flight
Comestibles
 d - 26 rations


   Skills:
 + Level 13.0 Fighting
 + Level 6.5 Armour
 + Level 6.6 Shields
 + Level 12.8 Unarmed Combat


You had 11 spell levels left.
You didn't know any spells.
Your spell library contained the following spells:

 Spells                   Type           Power        Failure   Level  Hunger
 Animate Skeleton         Necr           N/A          100%        1    None
 Pain                     Necr           #...         100%        1    None
 Vampiric Draining        Necr           #.........   100%        3    None
 Animate Dead             Necr           N/A          100%        4    None
 Leda's Liquefaction      Hex/Erth       #.........   100%        4    None
 Agony                    Necr           #.......     100%        5    None
 Bolt of Magma            Conj/Fire/Erth #.........   100%        5    None
 Iron Shot                Conj/Erth      #.........   100%        6    None
 Shatter                  Erth           #.........   100%        9    None
 Statue Form              Tmut/Erth      Unusable     N/A         6    N/A

Dungeon Overview and Level Annotations

Branches:
Dungeon (12/15)            Temple (0/1) D:5            Lair (0/6) D:10
  Sewer (visited)
    Orc: D:9-12

Altars:
Fedhas
Nemelex Xobeh
Okawaru
Wu Jian

Shops:
D:4 =   D:6 *

Portals:
Abyss: D:12

Annotations:
D:9 exclusion: 2 oklob plants
D:11 Snorg
D:12 2 transporters, Judghitt's ghost, journeyman MiFi


Innate Abilities, Weirdness & Mutations

Your body is rotting away.
You thrive on raw meat.
You are immune to poison.
You have sharp fingernails.
You are carnivorous and can eat meat at any time.
Your flesh is cold resistant. (rC+)
You are immune to negative energy. (rN+++)
You do not regenerate when monsters are visible.
You are immune to unholy pain and torment.
You can survive without breathing.


Message History

You block Snorg's attack. Snorg barely misses you. Snorg claws you.
You claw Snorg!
Snorg is moderately wounded.
Snorg bites you. Snorg claws you! x2
* * * LOW HITPOINT WARNING * * *
Snorg bites you!
* * * LOW HITPOINT WARNING * * *
You block Snorg's attack. x2
You closely miss Snorg.
Snorg is moderately wounded.
You block Snorg's attack. x2; Snorg claws you but does no damage.
You claw Snorg!
Snorg is heavily wounded.
Snorg bites you but does no damage. Snorg claws you!
* * * LOW HITPOINT WARNING * * *
Snorg claws you but does no damage.
Your shield prevents you from hitting Snorg.
Snorg is heavily wounded.
Snorg bites you!
You die...

#..# #..#.....
#..#######..#..#..
#...........#).#..
#....oT.....).)T..
#..######..[#.....
#..# #...#.....
########..#
#...#.....
........).#
#..)######
........@.#
#..))))...
.......T..#
#..)######
########..# #...#
#..# #...# #..#
#...# #..# #...#
#..# #...# #..#
#...# #..# #...#


You could see Snorg (berserk).

Vanquished Creatures
  Nergalle (D:11)
  An unseen horror (D:12)
  Pikel (D:7)
  A manticore (D:12)
  2 rust devils (D:9)
  Maggie (D:8)
  A komodo dragon (D:10)
  A troll (D:9)
  Grinder (Sewer)
  Prince Ribbit (D:8)
  A hornet (D:11)
  A hippogriff (D:10)
  A wraith (D:11)
  A vampire (D:12)
  A basilisk (D:11)
  3 yaks (D:10)
  4 hogs (D:7)
  A hungry ghost (D:7)
  Grum (D:8)
  A human (D:7)
  2 wargs (D:10)
  2 water moccasins
  5 orc warriors
  2 black bears
  5 ice beasts
  2 sky beasts
  A black bear (shapeshifter) (D:11)
  3 phantoms
  3 wolves (D:8)
  A necrophage (Sewer)
  2 ogres
  2 centaurs
  A big kobold (Sewer)
  7 bullfrogs
  5 scorpions
  6 killer bees (D:10)
  12 wights
  8 howler monkeys
  5 crimson imps
  A centaur zombie (D:5)
  A bullfrog zombie (D:7)
  7 hounds
  3 centaur skeletons
  3 jellies
  21 orc priests
  Jessica (D:3)
  Natasha (twice) (D:3)
  3 iguanas
  14 orc wizards
  15 worker ants
  4 big kobold zombies (Sewer)
  A hound skeleton (D:4)
  A worker ant zombie (D:7)
  13 gnolls
  A howler monkey skeleton (D:5)
  14 adders
  4 shadow imps
  4 ufetubi (Sewer)
  3 oozes
  3 adder zombies
  2 adder skeletons
  6 worms
  2 dart slugs
  A leopard gecko (D:2)
  47 orcs
  8 giant cockroaches
  3 goblins (D:1)
  8 hobgoblins
  13 jackals
  16 kobolds
  7 quokkas
  4 ball pythons
  9 bats
  4 frilled lizards
  A kobold zombie (Sewer)
  2 leopard gecko skeletons
  7 rats
359 creatures vanquished.

Vanquished Creatures (others)
  A slave (D:7)
  A bullfrog (D:7)
  An orc wizard (D:7)
  A worker ant (D:7)
  An orc (D:7)
  A giant cockroach (D:7)
  A quokka (D:7)
7 creatures vanquished.

Grand Total: 366 creatures vanquished

Notes
Turn   | Place    | Note
-------+----------+-------------------------------------------
     0 | D:1      | Faca the Ghoul Fighter began the quest for the Orb.
     0 | D:1      | Reached XP level 1. HP: 19/19 MP: 0/0
   195 | D:1      | Reached XP level 2. HP: 20/26 MP: 1/1
   529 | D:1      | Reached skill level 4 in Fighting
   529 | D:1      | Reached XP level 3. HP: 21/33 MP: 2/2
  1195 | D:2      | Found an iron altar of Okawaru.
  1207 | D:2      | Became a worshipper of Warmaster Okawaru
  1476 | D:2      | Reached XP level 4. HP: 37/41 MP: 3/3
  2127 | D:2      | Reached XP level 5. HP: 43/47 MP: 4/4
  2164 | D:2      | Reached skill level 5 in Fighting
  2937 | D:3      | Reached skill level 5 in Unarmed Combat
  2937 | D:3      | Reached XP level 6. HP: 36/55 MP: 5/5
  3284 | D:3      | Noticed Jessica
  3304 | D:3      | Killed Jessica
  3428 | D:3      | Noticed Natasha
  3433 | D:3      | Killed Natasha
  3476 | D:3      | Reached skill level 6 in Fighting
  3480 | D:3      | Reached * piety under Okawaru
  3541 | D:3      | Noticed Natasha
  3550 | D:3      | Killed Natasha
  3871 | D:4      | Reached XP level 7. HP: 43/64 MP: 6/6
  4149 | D:4      | Found an ornate altar of the Wu Jian Council.
  4180 | D:4      | Reached skill level 7 in Fighting
  4560 | D:4      | Found Geuttiqu's Jewellery Shoppe.
  5096 | D:4      | Reached XP level 8. HP: 70/73 MP: 7/7
  5212 | D:5      | Entered Level 5 of the Dungeon
  5291 | D:5      | Reached ** piety under Okawaru
  5390 | D:5      | Reached skill level 8 in Fighting
  5565 | D:5      | Found a staircase to the Ecumenical Temple.
  5579 | D:5      | HP: 2/75 [orc warrior/+0 dire flail (28)]
  6188 | D:6      | Found Loez's General Store.
  6217 | D:6      | Reached skill level 9 in Fighting
  6282 | D:6      | Reached *** piety under Okawaru
  6282 | D:6      | Reached XP level 9. HP: 33/83 MP: 8/8
  6513 | D:6      | Found a glowing drain.
  6532 | Sewer    | Entered a sewer
  6819 | Sewer    | Found an ancient bone altar of Kikubaaqudgha.
  7124 | Sewer    | Noticed Grinder
  7128 | Sewer    | Paralysed by Grinder for 6 turns
  7144 | Sewer    | Killed Grinder
  7144 | Sewer    | Reached skill level 10 in Fighting
  7903 | D:7      | Noticed Pikel
  7905 | D:7      | Killed Pikel
  7905 | D:7      | Reached **** piety under Okawaru
  7905 | D:7      | Reached skill level 10 in Unarmed Combat
  7998 | D:7      | Reached skill level 11 in Fighting
  7998 | D:7      | Reached XP level 10. HP: 57/94 MP: 5/9
  8032 | D:7      | Got a bloodstained trident
  8033 | D:7      | Identified the +4 trident "Fonkaru" {elec, *Corrode +Blink
                  | Str+4 Int+3} (You found it on level 7 of the Dungeon)
  8448 | D:7      | Reached ***** piety under Okawaru
  8757 | D:8      | Noticed Prince Ribbit
  8764 | D:8      | Killed Prince Ribbit
  9124 | D:8      | Noticed Grum
  9148 | D:8      | Killed Grum
  9492 | D:8      | Noticed Maggie
  9504 | D:8      | Killed Maggie
  9678 | D:9      | Got a jewelled trident
  9679 | D:9      | Identified the +8 trident of the Inferno {freeze, rPois
                  | Int+4 Dex-5} (You found it on level 9 of the Dungeon)
  9946 | D:9      | Found a blossoming altar of Fedhas.
  9949 | D:9      | Noticed an oklob plant
  9949 | D:9      | Noticed an oklob plant
 10125 | D:8      | Noticed a rust devil
 10125 | D:8      | Identified the +10 halberd of Diet Blood {elec, Str+4
                  | Int+4}
 10125 | D:8      | Noticed a rust devil
 10132 | D:9      | Killed a rust devil
 10132 | D:9      | Received a gift from Okawaru
 10135 | D:9      | Got a blackened plate armour {god gift}
 10151 | D:9      | Identified the +0 plate armour "Noideupo" {*Slow rF+
                  | Stlth+} (Okawaru gifted it to you on level 9 of the
                  | Dungeon)
 10447 | D:9      | Killed a rust devil
 10447 | D:9      | Reached skill level 12 in Fighting
 10447 | D:9      | Reached XP level 11. HP: 33/104 MP: 0/10
 11005 | D:10     | Entered Level 10 of the Dungeon
 11028 | D:10     | You fall into a shaft and drop 2 floors!
 11029 | D:12     | Noticed a manticore
 11034 | D:12     | Killed a manticore
 11133 | D:12     | Noticed an unseen horror
 11146 | D:12     | Killed an unseen horror
 11146 | D:12     | Reached skill level 5 in Armour
 11146 | D:12     | Reached skill level 5 in Shields
 11291 | D:12     | Found a transporter.
 11301 | D:12     | Found a transporter.
 11302 | D:12     | Noticed a green ugly thing
 11302 | D:12     | Noticed a white ugly thing
 11304 | D:12     | Noticed a large abomination
 11304 | D:12     | Noticed Judghitt's ghost (journeyman MiFi)
 11315 | D:12     | Found a one-way gate to the infinite horrors of the Abyss.
 11316 | D:12     | Noticed a brown very ugly thing
 11322 | D:12     | Found a sparkling altar of Nemelex Xobeh.
 11334 | D:12     | Identified the +4 demon blade of Zabimoi {distort, *Noise
                  | rElec rF+ Str+6}
 11334 | D:12     | Noticed a deep elf knight
 11342 | D:12     | Noticed a wizard
 11691 | D:11     | Noticed Nergalle
 11714 | D:11     | Killed Nergalle
 12414 | D:10     | Found a staircase to the Lair.
 13149 | D:10     | Identified a scroll of acquirement
 13468 | D:11     | Reached XP level 12. HP: 113/113 MP: 11/11
 13507 | D:11     | Reached skill level 13 in Fighting
 13836 | D:11     | Noticed Snorg
 14124 | D:11     | HP: 5/114 [Snorg (12)]
 14125 | D:11     | Mangled by Snorg

Illustrated notes

Levels and vault maps discovered:
D:1:      dpeg_arrival_circle_labyrinth_c, layout_basic
D:2:      layout_loops_ring, kennysheep_okawaru_gauntlet
D:3:      layout_rooms, uniq_natasha, uniq_jessica
D:4:      layout_loops_ring, old_standard_altar, first_ration, serial_shops,
          nicolae_shop_crystal, kennysheep_generic_room_16
D:5:      layout_rooms, minmay_temple_entry_purple_smoke,
          guppyfry_early_orc_mine
D:6:      layout_basic, serial_shops, nicolae_shop_trees, portal_sewer_entry_d,
          grunt_ministairs_6, hangedman_decor_clover_reticule,
          hangedman_decor_growths, nicolae_lava_and_water
D:7:      minmay_opposing_rooms, layout_basic, grunt_livestock, uniq_pikel
D:8:      cheibrodos_iron_armory, layout_cave_pools, uniq_grum,
          uniq_prince_ribbit1, uniq_maggie
D:9:      layout_basic, minmay_misc_feat_tower, hangedman_tree_tricks
D:10:     layout_basic, erik_lair_orcish_takeover
D:11:     layout_long_grid, erik_orc_1, uniq_snorg, uniq_nergalle
D:12:     layout_roguey, gammafunk_ghost_abyssal_escape, basic_altar

Skill      XL: |  1  2  3  4  5  6  7  8  9 10 11 12 |
---------------+-------------------------------------+-----
Fighting       | 4 5 6 7 9 11 12 13 | 13.0
Unarmed Combat | 3 4 5 7 9 10 11 12 | 12.8
Armour         | 4 6 |  6.5
Shields        | 4 6 |  6.6

Action                   |  1- 3 |  4- 6 |  7- 9 | 10-12 || total
-------------------------+-------+-------+-------+-------++-------
Melee: Unarmed           |   145 |   218 |   451 |   621 ||  1435
Invok: Heroism           |       |       |       |     2 ||     2
       Finesse           |       |       |       |     1 ||     1
  Use: Scroll            |     4 |     3 |    11 |    10 ||    28
       Potion            |       |     1 |     1 |     7 ||     9
  Eat: Chunk             |     8 |     5 |    21 |    24 ||    58
       Ration            |       |       |       |     1 ||     1
Armor: Scale mail        |    60 |    71 |    46 |       ||   177
       Chain mail        |       |       |   144 |    69 ||   213
       Plate armour      |       |       |       |   200 ||   200
Dodge: Dodged            |    57 |    56 |    93 |   117 ||   323
Block: Kite shield       |    64 |    87 |   209 |   349 ||   709

Table legend:
 A = Non-vault XP
 B = Vault XP
 C = Vault XP percentage of total XP
 D = Non-vault monster count
 E = Vault monster count
 F = Vault count percentage of total count
                 A         B        C        D         E       F
            +---------+---------+-------+---------+---------+-------
      Total |   12618 |    6883 |  35.3 |     273 |      86 |  24.0
            +---------+---------+-------+---------+---------+-------
        D:1 |      45 |       0 |   0.0 |      19 |       0 |   0.0
        D:2 |     261 |       0 |   0.0 |      31 |       0 |   0.0
        D:3 |     176 |      72 |  29.0 |      18 |       2 |  10.0
        D:4 |     660 |       2 |   0.3 |      32 |       1 |   3.0
        D:5 |     500 |     224 |  30.9 |      26 |       7 |  21.2
        D:6 |     653 |      27 |   4.0 |      17 |       2 |  10.5
        D:7 |     640 |    1632 |  71.8 |      15 |      10 |  40.0
        D:8 |     964 |    1384 |  58.9 |      17 |       7 |  29.2
        D:9 |     670 |    1062 |  61.3 |      14 |       3 |  17.6
       D:10 |    3363 |     678 |  16.8 |      41 |      10 |  19.6
       D:11 |    2808 |    1022 |  26.7 |      31 |       9 |  22.5
       D:12 |    1878 |       0 |   0.0 |      12 |       0 |   0.0
      Sewer |       0 |     780 | 100.0 |       0 |      35 | 100.0
            +---------+---------+-------+---------+---------+-------
